Connexion

Marlies vs Americans

Created - 16 août 2023 at 17:46

Goals
1 2 3 T
Marlies 0 1 2 3
Americans 0 2 3 5
Shots
1 2 3 T
Marlies 8 10 8 26
Americans 8 9 15 32

GoalsPenalties
1st period
No Goal
Andrew Peeke (POR) for Roughing (Minor) at 9:53
Andrew Agozzino (POR) for Hooking (Minor) at 19:30
2nd period
1. Americans , Ross Johnston 4 (Turner Elson 3, Reid Duke 7) at 1:37
2. Marlies , Cal O'Reilly 3 (Brett Gallant 3, Calle Sjalin 4) at 12:40
3. Americans , Connor Carrick 1 (Andrew Agozzino 2, Ethan Prow 7) at 15:26
Tanner Fritz (POR) for Holding (Minor) at 7:34
Ian McCoshen (TOR) for Hooking (Minor) at 18:41
3rd period
4. Americans , Tanner Fritz 6 (Andrew Agozzino 3, Connor Carrick 4) at 1:04
5. Marlies , Brett Gallant 5 (Loui Eriksson 7) at 4:20
6. Americans , Sam Anas 1 (Cameron Hughes 2, John Gilmour 2) at 6:07
7. Americans , Andrew Agozzino 4 (Ethan Prow 8, Matt Lorito 4) at 6:25
8. Marlies , Brett Gallant 6 (Loui Eriksson 8, Cal O'Reilly 4) at 11:08
Cal O'Reilly (TOR) for Hooking (Minor) at 15:59
Josh Wesley (TOR) for Tripping (Minor) at 18:02
Goalie Stats
Cale Morris (TOR), 10 saves from 10 shots - (1,000), 13:35 minutes
Daniel Mannella (TOR), 17 saves from 22 shots - (0,773), L, 3-5-0, 46:25 minutes
Alex Starlock (POR), 23 saves from 26 shots - (0,885), W, 3-3-0, 60:00 minutes
3 StarsOfficial
1 - Brett Gallant (TOR)
2 - Connor Carrick (POR)
3 - Andrew Agozzino (POR)
Referees : Brad Meier and Jean Hebert
Linesman : Mark Pare and Thor Nelson
Game Note
Cale Morris enters game at 6:25 of 3rd period
Finance
Level 1 -- Attendance: 1787 (89,35%) -- Ticket Income 62 545 $
Level 2 -- Attendance: 1000 (100,00%) -- Ticket Income 19 000 $
Total Attendance: 2787 (92,90%)
Total Ticket Income: 81 545 $
Other Income: 16 309 $
Total Income: 97 854 $



Team Name Goals Shots Shots Attemp Shots Blocked PIM HIT PP PK FO%
Marlies 3265066270 / 3 (0%)049%
Americans 5325566210 / 3 (0%)051%

Marlies
Player Name POS G A P +/- PIM HIT SHT SB MP PP MP PP SHT PK MP PK SHT FO% FOT
Brad Malone C/LW000-2033124:513:1623:20058% 33
Brett GallantLW2132013219:232:4101:43050% 4
Cal O'ReillyC1122225018:422:4121:03052% 25
Calle SjalinD011-1000114:380:0000:3600% 0
Calvin De HaanD0000050025:302:5903:3100% 0
Dylan BlujusD0000010125:042:5903:0500% 0
Grant BesseLW/RW000-2031014:190:0000:0000% 0
Ian McCoshenD000-1220019:512:5801:4800% 0
Josh WesleyD000-1221014:010:0000:0000% 0
Kristian VesalainenLW/RW000-2024014:190:0000:00050% 2
Loui ErikssonLW/RW0222002017:402:4100:0000% 0
Mathias Brome LW000000003:170:0000:0000% 1
Max McCormickC/LW000-2012022:393:1623:50050% 2
Mitchell HeardC000001003:170:0000:00025% 4
Skyler McKenzieLW000000000:350:0000:0000% 1
Tim SchallerC/LW/RW000-2003119:013:1600:12067% 3
Tyler LewingtonD000-1021020:542:5812:5000% 0
Victor EjdsellC000-2021016:010:0001:42040% 20
Americans
Player Name POS G A P +/- PIM HIT SHT SB MP PP MP PP SHT PK MP PK SHT FO% FOT
Andrew AgozzinoC/LW1231216020:273:0312:29150% 4
Andrew PeekeD0000250121:563:0402:1900% 0
Cameron HughesC/LW0110002012:410:0000:38072% 18
Cole HultsD0000033113:120:0000:0000% 0
Connor CarrickD1122033023:562:5102:4300% 0
Ethan ProwD0222002123:562:5112:4300% 0
John GilmourD0110010014:070:0000:5500% 0
Kyle RauC/LW/RW000000004:140:0000:00060% 5
Matt LoritoLW/RW0111011017:593:0300:0000% 1
Patrick BrownC/RW000000104:340:0000:2000% 0
Reid DukeC0111002021:002:5211:13040% 30
Riley TufteLW0000011114:480:0002:4500% 0
Robbie RussoD0000010122:523:0403:1400% 0
Ross JohnstonLW1011042021:002:5211:130100% 1
Sam AnasC/RW1010004012:030:0000:000100% 1
Sean MaloneC000000011:320:0700:0000% 1
Tanner Fritz C/LW/RW1011213023:562:5603:16045% 33
Turner ElsonC/LW/RW0111002019:472:5200:000100% 1



Play-by-Play

1st period


0:01 of 1st period - Brad Malone wins face-off versus Tanner Fritz in neutral zone.
0:41 of 1st period - Shot by Tim Schaller.
0:41 of 1st period - Stopped by Alex Starlock with a rebound.
0:52 of 1st period - Connor Carrick is hit by Ian McCoshen and loses puck.
0:56 of 1st period - Icing by Tyler Lewington.
0:57 of 1st period - Cal O'Reilly wins face-off versus Reid Duke in Marlies zone.
0:57 of 1st period - Loui Eriksson is hit by Ross Johnston and loses puck.
1:12 of 1st period - Shot by Reid Duke.
1:12 of 1st period - Stopped by Daniel Mannella with a rebound.
1:52 of 1st period - Shot by Victor Ejdsell.
1:52 of 1st period - Deflect By Kristian Vesalainen.
1:52 of 1st period - Stopped by Alex Starlock without a rebound.
1:53 of 1st period - Cameron Hughes wins face-off versus Mathias Brome in Americans zone.
3:56 of 1st period - Loui Eriksson is hit by Connor Carrick and loses puck.
4:27 of 1st period - Reid Duke is hit by Brad Malone and loses puck.
5:46 of 1st period - Icing by John Gilmour.
5:47 of 1st period - Cameron Hughes wins face-off versus Cal O'Reilly in Americans zone.
6:20 of 1st period - Shot by Sam Anas.
6:20 of 1st period - Stopped by Daniel Mannella without a rebound.
6:21 of 1st period - Tanner Fritz wins face-off versus Mitchell Heard in Marlies zone.
6:42 of 1st period - Shot by Tanner Fritz .
6:42 of 1st period - Shot Misses the Net.
7:30 of 1st period - Shot by Cameron Hughes.
7:30 of 1st period - Stopped by Daniel Mannella without a rebound.
7:31 of 1st period - Reid Duke wins face-off versus Cal O'Reilly in Marlies zone.
7:34 of 1st period - Shot by Turner Elson.
7:34 of 1st period - Stopped by Daniel Mannella without a rebound.
7:35 of 1st period - Cal O'Reilly wins face-off versus Reid Duke in Marlies zone.
7:50 of 1st period - Shot by Loui Eriksson.
7:50 of 1st period - Shot Misses the Net.
8:04 of 1st period - Shot by Brett Gallant.
8:04 of 1st period - Stopped by Alex Starlock without a rebound.
8:05 of 1st period - Brad Malone wins face-off versus Cameron Hughes in Americans zone.
8:32 of 1st period - Shot by Sam Anas.
8:32 of 1st period - Stopped by Daniel Mannella without a rebound.
8:33 of 1st period - Victor Ejdsell wins face-off versus Tanner Fritz in Marlies zone.
8:42 of 1st period - Shot by Andrew Agozzino.
8:42 of 1st period - Shot Blocked by Calle Sjalin.
8:47 of 1st period - Icing by Kristian Vesalainen.
8:48 of 1st period - Victor Ejdsell wins face-off versus Reid Duke in Marlies zone.
8:48 of 1st period - Victor Ejdsell is hit by Ross Johnston.
9:30 of 1st period - Kristian Vesalainen is hit by Andrew Peeke and loses puck.
9:46 of 1st period - Brad Malone is hit by Andrew Peeke and loses puck.
9:52 of 1st period - Max McCormick is hit by Andrew Peeke and loses puck.
9:53 of 1st period - Minor Penalty to Andrew Peeke for Roughing.
9:54 of 1st period - Tanner Fritz wins face-off versus Cal O'Reilly in Americans zone.
10:17 of 1st period - Shot by Andrew Agozzino.
10:17 of 1st period - Stopped by Daniel Mannella with a rebound.
10:40 of 1st period - Icing by Cal O'Reilly.
10:41 of 1st period - Tanner Fritz wins face-off versus Cal O'Reilly in Marlies zone.
11:03 of 1st period - Icing by Brad Malone .
11:04 of 1st period - Brad Malone wins face-off versus Reid Duke in Marlies zone.
11:54 of 1st period - Shot by Kristian Vesalainen.
11:54 of 1st period - Stopped by Alex Starlock without a rebound.
11:55 of 1st period - Kristian Vesalainen wins face-off versus Cameron Hughes in Americans zone.
11:55 of 1st period - Josh Wesley is hit by John Gilmour and loses puck.
12:02 of 1st period - Shot by Josh Wesley.
12:02 of 1st period - Stopped by Alex Starlock without a rebound.
12:03 of 1st period - Cal O'Reilly wins face-off versus Cameron Hughes in Americans zone.
12:08 of 1st period - Shot by Loui Eriksson.
12:08 of 1st period - Shot Misses the Net.
12:11 of 1st period - Icing by Ethan Prow.
12:12 of 1st period - Cameron Hughes wins face-off versus Victor Ejdsell in Americans zone.
12:12 of 1st period - Cameron Hughes is hit by Kristian Vesalainen.
12:26 of 1st period - Shot by Riley Tufte.
12:26 of 1st period - Shot Misses the Net.
12:28 of 1st period - Shot by Ethan Prow.
12:28 of 1st period - Stopped by Daniel Mannella with a rebound.
12:36 of 1st period - Shot by Connor Carrick.
12:36 of 1st period - Stopped by Daniel Mannella without a rebound.
12:37 of 1st period - Brad Malone wins face-off versus Reid Duke in Marlies zone.
12:37 of 1st period - Brad Malone is hit by Ross Johnston.
12:42 of 1st period - Icing by Brad Malone .
12:43 of 1st period - Brad Malone wins face-off versus Tanner Fritz in Marlies zone.
12:43 of 1st period - Brad Malone is hit by Matt Lorito.
12:57 of 1st period - Shot by Tanner Fritz .
12:57 of 1st period - Shot Misses the Net.
13:21 of 1st period - Tanner Fritz is hit by Brad Malone .
13:53 of 1st period - Icing by Ethan Prow.
13:54 of 1st period - Reid Duke wins face-off versus Cal O'Reilly in Americans zone.
14:49 of 1st period - Icing by Josh Wesley.
14:50 of 1st period - Cameron Hughes wins face-off versus Victor Ejdsell in Marlies zone.
15:06 of 1st period - Victor Ejdsell is hit by Cole Hults and loses puck.
15:33 of 1st period - John Gilmour is hit by Victor Ejdsell and loses puck.
15:51 of 1st period - Off-side.
15:52 of 1st period - Andrew Agozzino wins face-off versus Brad Malone in neutral zone.
16:07 of 1st period - Icing by Max McCormick.
16:08 of 1st period - Kyle Rau wins face-off versus Brad Malone in Marlies zone.
16:15 of 1st period - Shot by Tanner Fritz .
16:15 of 1st period - Shot Blocked by Tim Schaller.
17:56 of 1st period - Icing by Tyler Lewington.
17:57 of 1st period - Cameron Hughes wins face-off versus Cal O'Reilly in Marlies zone.
18:07 of 1st period - Off-side.
18:08 of 1st period - Sam Anas wins face-off versus Tim Schaller in neutral zone.
18:08 of 1st period - John Gilmour is hit by Max McCormick.
18:25 of 1st period - Cameron Hughes is hit by Calvin De Haan and loses puck.
18:32 of 1st period - Shot by Max McCormick.
18:32 of 1st period - Shot Misses the Net.
19:02 of 1st period - Shot by Kristian Vesalainen.
19:02 of 1st period - Stopped by Alex Starlock without a rebound.
19:03 of 1st period - Andrew Agozzino wins face-off versus Victor Ejdsell in Americans zone.
19:03 of 1st period - Tanner Fritz is hit by Grant Besse.
19:30 of 1st period - Minor Penalty to Andrew Agozzino for Hooking.
19:31 of 1st period - Brett Gallant wins face-off versus Tanner Fritz in Americans zone.
19:32 of 1st period - Shot by Cal O'Reilly.
19:32 of 1st period - Stopped by Alex Starlock with a rebound.
19:34 of 1st period - Shot by Calvin De Haan.
19:34 of 1st period - Shot Misses the Net.
19:36 of 1st period - Shot by Cal O'Reilly.
19:36 of 1st period - Stopped by Alex Starlock without a rebound.
19:37 of 1st period - Tanner Fritz wins face-off versus Brad Malone in Americans zone.
19:43 of 1st period - Icing by Max McCormick.
19:44 of 1st period - Max McCormick wins face-off versus Tanner Fritz in Marlies zone.
Goals for this period are 0 for Marlies vs 0 for Americans.
Shots for this period are 8 for Marlies vs 8 for Americans.

2nd period


0:01 of 2nd period - Brad Malone wins face-off versus Tanner Fritz in neutral zone.
0:04 of 2nd period - Shot by Tim Schaller.
0:04 of 2nd period - Shot Blocked by Ethan Prow.
0:06 of 2nd period - Shot by Max McCormick.
0:06 of 2nd period - Stopped by Alex Starlock without a rebound.
0:07 of 2nd period - Brad Malone wins face-off versus Tanner Fritz in Americans zone.
0:07 of 2nd period - Brad Malone is hit by Connor Carrick.
0:15 of 2nd period - Shot by Brad Malone .
0:15 of 2nd period - Stopped by Alex Starlock without a rebound.
0:16 of 2nd period - Tanner Fritz wins face-off versus Brad Malone in Americans zone.
0:29 of 2nd period - Shot by Max McCormick.
0:29 of 2nd period - Stopped by Alex Starlock without a rebound.
0:30 of 2nd period - Cal O'Reilly wins face-off versus Tanner Fritz in Americans zone.
0:30 of 2nd period - Ian McCoshen is hit by Connor Carrick and loses puck.
1:02 of 2nd period - Shot by Cal O'Reilly.
1:02 of 2nd period - Shot Misses the Net.
1:04 of 2nd period - Shot by Tyler Lewington.
1:04 of 2nd period - Stopped by Alex Starlock without a rebound.
1:05 of 2nd period - Brad Malone wins face-off versus Tanner Fritz in Americans zone.
1:33 of 2nd period - Icing by Josh Wesley.
1:34 of 2nd period - Reid Duke wins face-off versus Victor Ejdsell in Marlies zone.
1:37 of 2nd period - Shot by Turner Elson.
1:37 of 2nd period - Deflect By Ross Johnston.
1:37 of 2nd period - Goal by Ross Johnston - Marlies : 0 - Americans : 1.
1:38 of 2nd period - Reid Duke wins face-off versus Cal O'Reilly in neutral zone.
3:16 of 2nd period - Andrew Peeke is hit by Grant Besse and loses puck.
3:59 of 2nd period - Shot by Brett Gallant.
3:59 of 2nd period - Shot Hit the Post.
4:07 of 2nd period - Shot by Cal O'Reilly.
4:07 of 2nd period - Stopped by Alex Starlock without a rebound.
4:08 of 2nd period - Cameron Hughes wins face-off versus Mitchell Heard in Americans zone.
4:08 of 2nd period - Cameron Hughes is hit by Mitchell Heard.
4:40 of 2nd period - Sam Anas is hit by Calvin De Haan and loses puck.
4:45 of 2nd period - Shot by Cameron Hughes.
4:45 of 2nd period - Shot Misses the Net.
4:47 of 2nd period - Shot by Cameron Hughes.
4:47 of 2nd period - Shot Misses the Net.
5:34 of 2nd period - Icing by Brad Malone .
5:35 of 2nd period - Brad Malone wins face-off versus Kyle Rau in Marlies zone.
5:51 of 2nd period - Icing by Cole Hults.
5:52 of 2nd period - Cal O'Reilly wins face-off versus Kyle Rau in Americans zone.
5:59 of 2nd period - Shot by Loui Eriksson.
5:59 of 2nd period - Shot Blocked by Sean Malone.
6:09 of 2nd period - Sean Malone is hit by Cal O'Reilly and loses puck.
6:59 of 2nd period - Shot by Grant Besse.
6:59 of 2nd period - Stopped by Alex Starlock without a rebound.
7:00 of 2nd period - Tanner Fritz wins face-off versus Skyler McKenzie in Americans zone.
7:17 of 2nd period - Tim Schaller is hit by Tanner Fritz and loses puck.
7:34 of 2nd period - Minor Penalty to Tanner Fritz for Holding.
7:35 of 2nd period - Ross Johnston wins face-off versus Cal O'Reilly in Americans zone.
8:44 of 2nd period - Shot by Max McCormick.
8:44 of 2nd period - Deflect By Brad Malone .
8:44 of 2nd period - Stopped by Alex Starlock without a rebound.
8:45 of 2nd period - Brad Malone wins face-off versus Andrew Agozzino in Americans zone.
9:43 of 2nd period - Icing by Josh Wesley.
9:44 of 2nd period - Kyle Rau wins face-off versus Victor Ejdsell in Marlies zone.
9:49 of 2nd period - Shot by Tanner Fritz .
9:49 of 2nd period - Deflect By Patrick Brown.
9:49 of 2nd period - Stopped by Daniel Mannella without a rebound.
9:50 of 2nd period - Victor Ejdsell wins face-off versus Reid Duke in Marlies zone.
10:11 of 2nd period - Shot by Turner Elson.
10:11 of 2nd period - Shot Misses the Net.
10:13 of 2nd period - Shot by Cole Hults.
10:13 of 2nd period - Stopped by Daniel Mannella with a rebound.
10:15 of 2nd period - Shot by Cole Hults.
10:15 of 2nd period - Stopped by Daniel Mannella without a rebound.
10:16 of 2nd period - Tanner Fritz wins face-off versus Cal O'Reilly in Marlies zone.
10:17 of 2nd period - Shot by Matt Lorito.
10:17 of 2nd period - Deflect By Tanner Fritz .
10:17 of 2nd period - Shot Misses the Net.
10:19 of 2nd period - Shot by Tanner Fritz .
10:19 of 2nd period - Stopped by Daniel Mannella without a rebound.
10:20 of 2nd period - Cal O'Reilly wins face-off versus Tanner Fritz in Marlies zone.
10:20 of 2nd period - Cal O'Reilly is hit by Andrew Agozzino.
10:51 of 2nd period - Off-side.
10:52 of 2nd period - Brad Malone wins face-off versus Reid Duke in neutral zone.
11:10 of 2nd period - Tim Schaller is hit by Robbie Russo and loses puck.
11:18 of 2nd period - Max McCormick is hit by Andrew Peeke and loses puck.
11:26 of 2nd period - Robbie Russo is hit by Tyler Lewington.
12:01 of 2nd period - Grant Besse is hit by Cole Hults and loses puck.
12:16 of 2nd period - Shot by Kristian Vesalainen.
12:16 of 2nd period - Shot Misses the Net.
12:40 of 2nd period - Shot by Cal O'Reilly.
12:40 of 2nd period - Goal by Cal O'Reilly - Marlies : 1 - Americans : 1.
12:41 of 2nd period - Cal O'Reilly wins face-off versus Tanner Fritz in neutral zone.
12:44 of 2nd period - Connor Carrick is hit by Cal O'Reilly and loses puck.
12:53 of 2nd period - Shot by Brett Gallant.
12:53 of 2nd period - Shot Misses the Net.
13:10 of 2nd period - Ethan Prow is hit by Josh Wesley and loses puck.
13:13 of 2nd period - Shot by Connor Carrick.
13:13 of 2nd period - Stopped by Daniel Mannella without a rebound.
13:14 of 2nd period - Brad Malone wins face-off versus Reid Duke in Marlies zone.
13:56 of 2nd period - Icing by Andrew Peeke.
13:57 of 2nd period - Reid Duke wins face-off versus Victor Ejdsell in Americans zone.
13:57 of 2nd period - Reid Duke is hit by Kristian Vesalainen.
14:22 of 2nd period - Icing by Andrew Peeke.
14:23 of 2nd period - Brett Gallant wins face-off versus Reid Duke in Americans zone.
14:40 of 2nd period - Shot by Loui Eriksson.
14:40 of 2nd period - Shot Misses the Net.
15:24 of 2nd period - Shot by Andrew Agozzino.
15:24 of 2nd period - Stopped by Daniel Mannella with a rebound.
15:26 of 2nd period - Shot by Connor Carrick.
15:26 of 2nd period - Goal by Connor Carrick - Marlies : 1 - Americans : 2.
15:27 of 2nd period - Cameron Hughes wins face-off versus Victor Ejdsell in neutral zone.
15:27 of 2nd period - Cameron Hughes is hit by Victor Ejdsell.
15:42 of 2nd period - Shot by Victor Ejdsell.
15:42 of 2nd period - Shot Misses the Net.
15:44 of 2nd period - Shot by Kristian Vesalainen.
15:44 of 2nd period - Shot Blocked by Cole Hults.
15:46 of 2nd period - Shot by Tyler Lewington.
15:46 of 2nd period - Deflect By Kristian Vesalainen.
15:46 of 2nd period - Shot Blocked by Riley Tufte.
15:58 of 2nd period - Icing by Kristian Vesalainen.
15:59 of 2nd period - Victor Ejdsell wins face-off versus Tanner Fritz in Marlies zone.
16:21 of 2nd period - Icing by Ethan Prow.
16:22 of 2nd period - Brad Malone wins face-off versus Tanner Fritz in Americans zone.
16:32 of 2nd period - Tanner Fritz is hit by Calvin De Haan and loses puck.
17:10 of 2nd period - Shot by John Gilmour.
17:10 of 2nd period - Shot Misses the Net.
17:12 of 2nd period - Shot by John Gilmour.
17:12 of 2nd period - Shot Misses the Net.
17:14 of 2nd period - Shot by Cameron Hughes.
17:14 of 2nd period - Stopped by Daniel Mannella with a rebound.
18:09 of 2nd period - Shot by Loui Eriksson.
18:09 of 2nd period - Stopped by Alex Starlock without a rebound.
18:10 of 2nd period - Kyle Rau wins face-off versus Victor Ejdsell in Americans zone.
18:10 of 2nd period - Kyle Rau is hit by Grant Besse.
18:28 of 2nd period - Shot by Victor Ejdsell.
18:28 of 2nd period - Stopped by Alex Starlock without a rebound.
18:29 of 2nd period - Mitchell Heard wins face-off versus Reid Duke in Americans zone.
18:41 of 2nd period - Minor Penalty to Ian McCoshen for Hooking.
18:42 of 2nd period - Tanner Fritz wins face-off versus Brad Malone in Marlies zone.
19:52 of 2nd period - Off-side.
19:53 of 2nd period - Brad Malone wins face-off versus Sean Malone in neutral zone.
Goals for this period are 1 for Marlies vs 2 for Americans.
Shots for this period are 10 for Marlies vs 9 for Americans.

3rd period


0:01 of 3rd period - Tanner Fritz wins face-off versus Brad Malone in neutral zone.
0:24 of 3rd period - Off-side.
0:25 of 3rd period - Reid Duke wins face-off versus Brad Malone in neutral zone.
0:34 of 3rd period - Icing by Reid Duke.
0:35 of 3rd period - Reid Duke wins face-off versus Brad Malone in Americans zone.
0:47 of 3rd period - Matt Lorito is hit by Tyler Lewington and loses puck.
1:02 of 3rd period - Shot by Andrew Agozzino.
1:02 of 3rd period - Stopped by Daniel Mannella with a rebound.
1:04 of 3rd period - Shot by Tanner Fritz .
1:04 of 3rd period - Goal by Tanner Fritz - Marlies : 1 - Americans : 3.
1:05 of 3rd period - Victor Ejdsell wins face-off versus Reid Duke in neutral zone.
1:14 of 3rd period - Shot by Kristian Vesalainen.
1:14 of 3rd period - Shot Blocked by Robbie Russo.
1:22 of 3rd period - Shot by Kristian Vesalainen.
1:22 of 3rd period - Stopped by Alex Starlock without a rebound.
1:23 of 3rd period - Tim Schaller wins face-off versus Tanner Fritz in Americans zone.
1:48 of 3rd period - Shot by Matt Lorito.
1:48 of 3rd period - Stopped by Daniel Mannella without a rebound.
1:49 of 3rd period - Cal O'Reilly wins face-off versus Reid Duke in Marlies zone.
2:06 of 3rd period - Shot by Reid Duke.
2:06 of 3rd period - Deflect By Ross Johnston.
2:06 of 3rd period - Shot Misses the Net.
3:56 of 3rd period - Shot by Calle Sjalin.
3:56 of 3rd period - Shot Misses the Net.
4:13 of 3rd period - Icing by Ethan Prow.
4:14 of 3rd period - Tanner Fritz wins face-off versus Cal O'Reilly in Americans zone.
4:20 of 3rd period - Shot by Brett Gallant.
4:20 of 3rd period - Goal by Brett Gallant - Marlies : 2 - Americans : 3.
4:21 of 3rd period - Reid Duke wins face-off versus Brett Gallant in neutral zone.
4:24 of 3rd period - Brett Gallant is hit by Ross Johnston.
4:47 of 3rd period - Icing by Cal O'Reilly.
4:48 of 3rd period - Cameron Hughes wins face-off versus Cal O'Reilly in Marlies zone.
4:52 of 3rd period - Sam Anas is hit by Calvin De Haan.
4:58 of 3rd period - Cal O'Reilly is hit by Riley Tufte and loses puck.
5:10 of 3rd period - Icing by Dylan Blujus.
5:11 of 3rd period - Cal O'Reilly wins face-off versus Reid Duke in Marlies zone.
5:48 of 3rd period - Shot by Tim Schaller.
5:48 of 3rd period - Stopped by Alex Starlock without a rebound.
5:49 of 3rd period - Cameron Hughes wins face-off versus Victor Ejdsell in Americans zone.
6:07 of 3rd period - Shot by Sam Anas.
6:07 of 3rd period - Goal by Sam Anas - Marlies : 2 - Americans : 4.
6:08 of 3rd period - Tanner Fritz wins face-off versus Max McCormick in neutral zone.
6:25 of 3rd period - Shot by Andrew Agozzino.
6:25 of 3rd period - Goal by Andrew Agozzino - Marlies : 2 - Americans : 5.
6:25 of 3rd period - Cale Morris enters game.
6:26 of 3rd period - Cameron Hughes wins face-off versus Brett Gallant in neutral zone.
6:56 of 3rd period - Shot by Cameron Hughes.
6:56 of 3rd period - Shot Misses the Net.
6:58 of 3rd period - Shot by Riley Tufte.
6:58 of 3rd period - Shot Blocked by Brett Gallant.
7:02 of 3rd period - Shot by Sam Anas.
7:02 of 3rd period - Shot Misses the Net.
7:04 of 3rd period - Shot by Sam Anas.
7:04 of 3rd period - Shot Misses the Net.
7:06 of 3rd period - Shot by Riley Tufte.
7:06 of 3rd period - Shot Misses the Net.
7:19 of 3rd period - Icing by Loui Eriksson.
7:20 of 3rd period - Cal O'Reilly wins face-off versus Tanner Fritz in Marlies zone.
7:35 of 3rd period - Shot by Andrew Agozzino.
7:35 of 3rd period - Shot Blocked by Dylan Blujus.
7:58 of 3rd period - Connor Carrick is hit by Ian McCoshen and loses puck.
8:39 of 3rd period - Shot by Reid Duke.
8:39 of 3rd period - Shot Misses the Net.
8:41 of 3rd period - Shot by Cole Hults.
8:41 of 3rd period - Stopped by Cale Morris without a rebound.
8:42 of 3rd period - Victor Ejdsell wins face-off versus Cameron Hughes in Marlies zone.
8:56 of 3rd period - Icing by Andrew Peeke.
8:57 of 3rd period - Cameron Hughes wins face-off versus Kristian Vesalainen in Americans zone.
9:02 of 3rd period - Shot by Sam Anas.
9:02 of 3rd period - Stopped by Cale Morris without a rebound.
9:03 of 3rd period - Tanner Fritz wins face-off versus Victor Ejdsell in Marlies zone.
9:36 of 3rd period - Matt Lorito is hit by Josh Wesley and loses puck.
9:42 of 3rd period - Icing by Kristian Vesalainen.
9:43 of 3rd period - Victor Ejdsell wins face-off versus Reid Duke in Marlies zone.
9:57 of 3rd period - Icing by Ross Johnston.
9:58 of 3rd period - Brad Malone wins face-off versus Reid Duke in Americans zone.
10:03 of 3rd period - Shot by Max McCormick.
10:03 of 3rd period - Shot Blocked by Andrew Peeke.
10:48 of 3rd period - Icing by Ethan Prow.
10:49 of 3rd period - Cal O'Reilly wins face-off versus Tanner Fritz in Americans zone.
10:54 of 3rd period - Shot by Loui Eriksson.
10:54 of 3rd period - Shot Misses the Net.
10:56 of 3rd period - Shot by Cal O'Reilly.
10:56 of 3rd period - Stopped by Alex Starlock with a rebound.
11:04 of 3rd period - Shot by Cal O'Reilly.
11:04 of 3rd period - Shot Misses the Net.
11:06 of 3rd period - Shot by Loui Eriksson.
11:06 of 3rd period - Stopped by Alex Starlock with a rebound.
11:08 of 3rd period - Shot by Brett Gallant.
11:08 of 3rd period - Goal by Brett Gallant - Marlies : 3 - Americans : 5.
11:09 of 3rd period - Cameron Hughes wins face-off versus Victor Ejdsell in neutral zone.
11:23 of 3rd period - Icing by Calle Sjalin.
11:24 of 3rd period - Victor Ejdsell wins face-off versus Tanner Fritz in Marlies zone.
11:33 of 3rd period - Shot by Tanner Fritz .
11:33 of 3rd period - Stopped by Cale Morris without a rebound.
11:34 of 3rd period - Brad Malone wins face-off versus Reid Duke in Marlies zone.
11:49 of 3rd period - Shot by Brad Malone .
11:49 of 3rd period - Shot Misses the Net.
12:09 of 3rd period - Shot by Tim Schaller.
12:09 of 3rd period - Shot Misses the Net.
12:25 of 3rd period - Shot by Brett Gallant.
12:25 of 3rd period - Shot Misses the Net.
12:27 of 3rd period - Shot by Tyler Lewington.
12:27 of 3rd period - Shot Misses the Net.
12:30 of 3rd period - Loui Eriksson is hit by Andrew Peeke and loses puck.
12:38 of 3rd period - Icing by Andrew Peeke.
12:39 of 3rd period - Reid Duke wins face-off versus Victor Ejdsell in Americans zone.
13:48 of 3rd period - Shot by Riley Tufte.
13:48 of 3rd period - Stopped by Cale Morris without a rebound.
13:49 of 3rd period - Cameron Hughes wins face-off versus Brad Malone in Marlies zone.
14:25 of 3rd period - Icing by John Gilmour.
14:26 of 3rd period - Cal O'Reilly wins face-off versus Cameron Hughes in Americans zone.
14:36 of 3rd period - Loui Eriksson is hit by Cole Hults and loses puck.
15:05 of 3rd period - Shot by Andrew Agozzino.
15:05 of 3rd period - Stopped by Cale Morris without a rebound.
15:06 of 3rd period - Reid Duke wins face-off versus Mitchell Heard in Marlies zone.
15:09 of 3rd period - Shot by Turner Elson.
15:09 of 3rd period - Stopped by Cale Morris without a rebound.
15:10 of 3rd period - Tanner Fritz wins face-off versus Brad Malone in Marlies zone.
15:10 of 3rd period - Tanner Fritz is hit by Dylan Blujus.
15:15 of 3rd period - Icing by Max McCormick.
15:16 of 3rd period - Tim Schaller wins face-off versus Andrew Agozzino in Marlies zone.
15:29 of 3rd period - Shot by Max McCormick.
15:29 of 3rd period - Shot Misses the Net.
15:48 of 3rd period - Shot by Brad Malone .
15:48 of 3rd period - Stopped by Alex Starlock with a rebound.
15:50 of 3rd period - Shot by Tim Schaller.
15:50 of 3rd period - Stopped by Alex Starlock without a rebound.
15:51 of 3rd period - Cal O'Reilly wins face-off versus Reid Duke in Americans zone.
15:57 of 3rd period - Off-side.
15:58 of 3rd period - Reid Duke wins face-off versus Cal O'Reilly in neutral zone.
15:58 of 3rd period - Reid Duke is hit by Brett Gallant.
15:59 of 3rd period - Minor Penalty to Cal O'Reilly for Hooking.
16:00 of 3rd period - Brad Malone wins face-off versus Reid Duke in Marlies zone.
16:32 of 3rd period - Icing by Robbie Russo.
16:33 of 3rd period - Turner Elson wins face-off versus Brad Malone in Americans zone.
16:33 of 3rd period - Turner Elson is hit by Brad Malone .
17:04 of 3rd period - Icing by Matt Lorito.
17:05 of 3rd period - Brad Malone wins face-off versus Tanner Fritz in Americans zone.
17:23 of 3rd period - Matt Lorito is hit by Calvin De Haan.
18:02 of 3rd period - Minor Penalty to Josh Wesley for Tripping.
18:03 of 3rd period - Reid Duke wins face-off versus Brad Malone in Marlies zone.
18:20 of 3rd period - Shot by Reid Duke.
18:20 of 3rd period - Shot Misses the Net.
18:22 of 3rd period - Shot by Robbie Russo.
18:22 of 3rd period - Deflect By Ross Johnston.
18:22 of 3rd period - Stopped by Cale Morris without a rebound.
18:23 of 3rd period - Tanner Fritz wins face-off versus Brad Malone in Marlies zone.
18:24 of 3rd period - Shot by Connor Carrick.
18:24 of 3rd period - Shot Blocked by Brad Malone .
18:26 of 3rd period - Shot by Tanner Fritz .
18:26 of 3rd period - Deflect By Andrew Agozzino.
18:26 of 3rd period - Stopped by Cale Morris without a rebound.
18:27 of 3rd period - Brad Malone wins face-off versus Matt Lorito in Marlies zone.
18:40 of 3rd period - Shot by Ethan Prow.
18:40 of 3rd period - Stopped by Cale Morris with a rebound.
18:42 of 3rd period - Shot by Andrew Agozzino.
18:42 of 3rd period - Shot Misses the Net.
18:44 of 3rd period - Shot by Tanner Fritz .
18:44 of 3rd period - Shot Blocked by Brett Gallant.
19:47 of 3rd period - Shot by Reid Duke.
19:47 of 3rd period - Stopped by Cale Morris without a rebound.
19:48 of 3rd period - Tanner Fritz wins face-off versus Brad Malone in Marlies zone.
Goals for this period are 2 for Marlies vs 3 for Americans.
Shots for this period are 8 for Marlies vs 15 for Americans.